 Dungeon Crawl Stone Soup version 0.31-a0-654-gbe3e110b4e (webtiles) character file.

Game seed: 3646062114933368704

396 LobsterGuardian the Grave Robber (level 7, 0/47 HPs)
             Began as a Human Necromancer on Aug 30, 2023.
             Slain by a jackal (1 damage)
             ... on level 5 of the Dungeon.
             The game lasted 00:08:33 (4001 turns).

LobsterGuardian the Grave Robber (HuNe)             Turns: 4001, Time: 00:08:34

Health: 0/47       AC:  4    Str:  8    XL:     7   Next: 9%
Magic:  4/14       EV: 12    Int: 18    God:
Gold:   268        SH:  0    Dex: 19    Spells: 7/15 levels left

rFire   . . .        (no weapon)
rCold   . . .        (no shield)
rNeg    . . .        m - +0 leather armour
rPois   .            (no helmet)
rElec   .            (no cloak)
rCorr   .            (no gloves)
SInv    +            c - +0 pair of boots
Will    .....        h - amulet of magic regeneration
Stlth   ++           k - ring of see invisible
HPRegen 0.27/turn    p - +6 ring of dexterity
MPRegen 0.54/turn

%: no passive effects
@: animating dead, hasted, very quick
A: no striking features
a: no special abilities


You were on level 5 of the Dungeon.
You visited 1 branch of the dungeon, and saw 5 of its levels.

You collected 268 gold pieces.

Inventory:

Armour
 c - a +0 pair of boots (worn)
 m - a +0 leather armour (worn)
Jewellery
 h - an amulet of magic regeneration (around neck)
 k - a ring of see invisible (left hand)
 l - a ring of resist corrosion
 p - a +6 ring of dexterity (right hand)
 s - a ring of protection from fire
Wands
 n - a wand of paralysis (7)
 r - a wand of flame (13)
 t - a wand of roots (1)
Scrolls
 d - a scroll of butterflies {unknown}
 e - a scroll of immolation {unknown}
 f - a scroll of amnesia
 o - 2 scrolls of teleportation
 u - a scroll of enchant weapon {unknown}
 v - a scroll of identify
Potions
 a - 2 potions of haste
 b - a potion of magic
 g - 2 potions of heal wounds {unknown}
 i - 2 potions of brilliance
 j - a potion of attraction
 q - a potion of curing {unknown}


   Skills:
 + Level 0.5 Fighting
 + Level 1.2 Armour
 + Level 2.0 Dodging
 + Level 2.2 Stealth
 * Level 4.9 Spellcasting
 + Level 5.6 Necromancy


You had 7 spell levels left.
You knew the following spells:

 Your Spells              Type           Power      Damage    Failure   Level
a - Necrotise             Necr           96%        1d8       1%          1
b - Vampiric Draining     Necr           24%        2d7       5%          3
c - Animate Dead          Necr           24%        N/A       19%         4

Your spell library contained the following spells:

 Spells                   Type           Power      Damage    Failure   Level
 Sandblast                Erth           8%         2d5       19%         1
 Passwall                 Tmut/Erth      3%         N/A       28%         2
 Static Discharge         Conj/Air       8%         2-3/arc   28%         2
 Agony                    Necr           24%        N/A       45%         5
 Stone Arrow              Conj/Erth      8%         3d7       50%         3
 Airstrike                Air            2%         2d(1-17)  88%         4
 Summon Lightning Spire   Summ/Air       4%         N/A       88%         4


Dungeon Overview and Level Annotations

Branches:
Dungeon (5/15)
 Temple: D:4-7

Altars:
Ashenzari
Kikubaaqudgha
Nemelex Xobeh
Qazlal
Trog
Yredelemnul

Annotations:
D:4 2 transporters, Grinder, Menkaure
D:5 3 runed translucent doors, Bediveer's ghost, novice DEHu; Prince Ribbit


Message History

Your orc zombie is destroyed!
Prince Ribbit blinks!
The jackal closely misses you.
An orc comes into view. It is wielding a +0 dagger.
Unknown command.
Casting: Vampiric Draining (dangerous; 5% risk of failure)
Confirm with . or Enter, or press ? or * to list all spells.
Aiming: Vampiric Draining (dangerous; 5% risk of failure)
Press: ? - help, Shift-Dir - straight line, f - jackal
Aim: a jackal (translocational energy)
You draw life force from the jackal!
You kill the jackal!
The jackal bites you but does no damage.
Unknown command.
You closely miss the jackal.
Prince Ribbit says, "You're just another fly to me."
The jackal bites you but does no damage.
A jackal comes into view.
Prince Ribbit hits you! The jackal closely misses you.
Unknown command.
You hit the jackal but do no damage. Prince Ribbit hits you!
The jackal bites you.
Unknown command.
You swap places.
Prince Ribbit blinks!
The jackal barely misses your hound zombie.
Your hound zombie bites the jackal.
Prince Ribbit hits you!
* * * LOW HITPOINT WARNING * * *
You see here a +0 hand axe.
Unknown command.
Unknown command.
You swap places.
The jackal closely misses you. The jackal bites you.
* * * LOW HITPOINT WARNING * * *
Prince Ribbit hits your hound zombie!!
Your hound zombie is destroyed!
The jackal bites you but does no damage.
The jackal barely misses you.
Unknown command.
Unknown command.
Okay, then.
It was a potion of haste.
You feel yourself speed up. The jackal bites you.
You die...

#......# ##
#......###.
##+######.. #
#.#......# #.
#.#.....## #.## .#
#.#.....# ###...# #.#
#.###..##
......h####.# #.##..##
#5h@F##.# #....##
#o##..#.# #..### ..
##.#.# #..#####
##..###.#.###......###
#........#...........
...#####..#.........##
#.##..#.##......#.
#...............#.
#.###.#.#.......#.


You could see Prince Ribbit, an orc, an ufetubus and 2 jackals.

Vanquished Creatures
  A centaur (D:5)
  A scorpion (D:5)
  4 hounds
  8 adders
  A worm (D:2)
  A dart slug (D:4)
  3 orcs (D:5)
  5 bats
  5 endoplasms
  3 giant cockroaches
  4 goblins
  4 hobgoblins
  4 jackals
  4 kobolds
  5 quokkas
  4 ball pythons
  3 frilled lizards (D:3)
  3 rats
63 creatures vanquished.

Vanquished Creatures (collateral kills)
  A kobold (D:2)
1 creature vanquished.

Vanquished Creatures (others)
  A hound zombie (D:5)
  2 orc zombies (D:5)
3 creatures vanquished.

Grand Total: 67 creatures vanquished

Notes
Turn   | Place    | Note
-------+----------+-------------------------------------------
     0 | D:1      | LobsterGuardian the Human Necromancer began the quest for
                  | the Orb.
     0 | D:1      | Reached XP level 1. HP: 13/13 MP: 3/3
   185 | D:1      | Reached XP level 2. HP: 18/19 MP: 0/5
   707 | D:1      | Reached XP level 3. HP: 24/24 MP: 2/6
   711 | D:1      | Learned a level 3 spell: Vampiric Draining
   990 | D:2      | Identified the +0 leather armour "Hoette Came" {rElec}
  1195 | D:2      | Found a broken altar of Ashenzari.
  1382 | D:2      | Reached XP level 4. HP: 28/30 MP: 8/8
  1762 | D:2      | Found a faded altar of an unknown god.
  2237 | D:3      | Found a bloodstained altar of Trog.
  2682 | D:4      | Reached XP level 5. HP: 35/35 MP: 8/10
  2847 | D:4      | Reached skill level 5 in Necromancy
  2852 | D:4      | Learned a level 4 spell: Animate Dead
  2872 | D:4      | Found a stormy altar of Qazlal.
  2996 | D:4      | Found a sparkling altar of Nemelex Xobeh.
  3160 | D:4      | Found a transporter.
  3160 | D:4      | Found a basalt altar of Yredelemnul.
  3164 | D:4      | Noticed Menkaure
  3166 | D:4      | Noticed Grinder
  3174 | D:4      | Found an ancient bone altar of Kikubaaqudgha.
  3177 | D:4      | Found a transporter.
  3382 | D:5      | Entered Level 5 of the Dungeon
  3432 | D:5      | Reached XP level 6. HP: 39/41 MP: 5/12
  3549 | D:5      | Found a runed translucent gate.
  3561 | D:5      | Reached skill level 1 in Armour
  3666 | D:5      | Found a runed translucent gate.
  3667 | D:5      | Found a runed translucent gate.
  3668 | D:5      | Noticed Bediveer's ghost (novice DEHu)
  3978 | D:5      | Noticed Prince Ribbit
  3989 | D:5      | Reached XP level 7. HP: 43/47 MP: 6/14
  4000 | D:5      | HP: 1/47 [jackal (2)]
  4001 | D:5      | Slain by a jackal

Illustrated notes

Levels and vault maps discovered:
D:1:      scummos_arrival_forest, layout_basic
D:2:      layout_loops_ring, basic_altar,
          dreamdust_ecumenical_altar_hidden_monk_grotto, serial_park_tiny_pond,
          serial_park_tiny_pond
D:3:      layout_loops_ring, nicolae_overflow_hidden_temple,
          mainiacjoe_overflow_surrounded_room
D:4:      layout_loops_ring, gammafunk_temple_of_torment,
          nemelex_spade_bored_becter, grunt_qazlal_sundering, uniq_grinder
D:5:      layout_basic, gammafunk_ghost_necromancy, uniq_prince_ribbit1

Skill      XL: |  1  2  3  4  5  6 |
---------------+-------------------+-----
Spellcasting   | 3 4 |  4.9
Necromancy     | 5 |  5.6
Armour         | 1 |  1.2
Fighting       | |  0.5
Dodging        | |  2.0
Stealth        | |  2.2

Action                     |  1- 3 |  4- 6 |  7- 9 || total
---------------------------+-------+-------+-------++-------
  Melee: Unarmed           |    11 |     6 |     4 ||    21
   Cast: Necrotise         |    55 |    83 |       ||   138
         Vampiric Draining |       |     6 |     3 ||     9
         Animate Dead      |       |     1 |       ||     1
    Use: Scroll            |     1 |     3 |       ||     4
         Potion            |       |       |     1 ||     1
   Stab: Sleeping          |     1 |     1 |       ||     2
 Armour: Robe              |     8 |       |       ||     8
         Leather armour    |     2 |    15 |     6 ||    23
  Dodge: Dodged            |    18 |    30 |     9 ||    57

Table legend: (Time is in decaauts)
 A = Elapsed time spent in this place.
 B = Non-inter-level travel time spent in this place.
 C = Inter-level travel time spent in this place.
 D = Time resting spent in this place.
 E = Time spent auto-exploring this place.
 F = Levels seen in this place.
 G = Mean time per level.
                   A        B        C        D        E       F      G
               +--------+--------+--------+--------+--------+-----+--------+
         Total |   3998 |   3857 |    141 |      0 |   3391 |   5 |  799.6 |
       Dungeon |   3998 |   3857 |    141 |      0 |   3391 |   5 |  799.6 |
               +--------+--------+--------+--------+--------+-----+--------+

Top non-repeatable levels by time:
     D:1: 976 daAuts
     D:2: 887 daAuts
     D:4: 767 daAuts
     D:3: 747 daAuts
     D:5: 618 daAuts
